 Dungeon Crawl Stone Soup version 0.28.0-53-g5a82cb258f (webtiles) character file.

Game seed: 11184301201758777182

501 Holzbalken the Basher (level 6, -8/51 HPs)
             Began as a Minotaur Fighter on May 26, 2022.
             Mangled by an ogre
             ... wielding a +0 giant spiked club
              (22 damage)
             ... on level 5 of the Dungeon.
             The game lasted 00:07:12 (3584 turns).

Holzbalken the Basher (Minotaur Fighter)            Turns: 3584, Time: 00:07:12

Health: -8/51      AC:  9    Str: 22    XL:     6   Next: 95%
Magic:  5/5        EV:  7    Int:  5    God:
Gold:   196        SH:  4    Dex: 10    Spells: 5/5 levels left

rFire   . . .      SeeInvis +   a - +1 war axe
rCold   . . .      Faith    .   c - +0 buckler
rNeg    . . .      Spirit   .   q - +0 chain mail
rPois   .          Reflect  .   (helmet restricted)
rElec   .          Harm     .   (no cloak)
rCorr   .          Rampage  .   (no gloves)
Will    .....                   (no boots)
Stlth   ..........              (no amulet)
HPRegen 0.17/turn               m - ring of see invisible
MPRegen 0.09/turn               (no ring)

@: no status effects
A: horns 2, retaliatory headbutt
a: no special abilities


You were on level 5 of the Dungeon.
You visited 1 branch of the dungeon, and saw 5 of its levels.

You collected 196 gold pieces.

Inventory:

Hand Weapons
 a - a +1 war axe (weapon)
Armour
 b - a +0 scale mail
 c - a +0 buckler (worn)
 k - a +0 tower shield
 q - a +0 chain mail (worn)
Jewellery
 g - a ring of ice
 m - a ring of see invisible (left hand)
Wands
 n - a wand of digging (7)
Scrolls
 h - a scroll of fear
 i - a scroll of teleportation {unknown}
 o - a scroll of torment {unknown}
 p - a scroll of blinking {unknown}
 r - a scroll of brand weapon {unknown}
Potions
 d - 2 potions of might
 e - a potion of flight
 f - a potion of berserk rage {unknown}
 j - a potion of attraction {unknown}
 l - 3 potions of brilliance
 s - a potion of degeneration {unknown}


   Skills:
 - Level 3.6 Fighting
 - Level 2.4(6.0) Axes
 + Level 8.7(8.9) Maces & Flails
 - Level 3.6 Armour
 - Level 3.6 Shields


You had 5 spell levels left.
You didn't know any spells.
Your spell library contained the following spells:

 Spells                   Type           Power      Damage    Failure   Level
 Conjure Flame            Conj/Fire      0%         6-21      100%        3
 Ignite Poison            Fire/Tmut/Pois 0%         N/A       100%        3
 Sticky Flame             Conj/Fire      0%         2d3       100%        4


Dungeon Overview and Level Annotations

Branches:
Dungeon (5/15)
 Temple: D:4-7

Altars:


Innate Abilities, Weirdness & Mutations

You have a pair of horns on your head.
You reflexively headbutt those who attack you in melee.


Message History

You headbutt the ogre! The orc hits you but does no damage.
The ogre hits you with a +0 giant spiked club!
You hit the orc. Your headbutt misses the orc.
The orc is severely wounded.
You barely miss the ogre. The orc hits you but does no damage.
The orc wizard gestures wildly while chanting.
The orc wizard flickers and vanishes for a moment.
The ogre hits you with a +0 giant spiked club!
There are monsters nearby!
You barely miss the orc.
The orc is severely wounded.
The orc barely misses you.
You barely miss the orc wizard. You closely miss the orc wizard.
You block the orc wizard's attack.
The orc wizard hits you but does no damage.
You barely miss the orc wizard. Your headbutt misses the orc wizard.
The orc wizard closely misses you.
You closely miss the orc wizard.
The orc wizard gestures at you while chanting.
The puff of flame hits you.
You barely miss the orc wizard. You block the orc wizard's attack.
You slash the orc wizard! Your headbutt misses the orc wizard.
The orc wizard is severely wounded.
The orc wizard barely misses you.
The orc wizard gestures at you while chanting.
The puff of flame hits you.
* * * LOW HITPOINT WARNING * * *
You slash the orc wizard!
You kill the orc wizard!
You hit the orc.
The orc is almost dead.
The orc barely misses you. You block the orc's attack.
You closely miss the orc. You headbutt the orc.
You kill the orc!
You closely miss the orc. You headbutt the orc.
You kill the orc!
You slash the ogre!
The ogre is severely wounded.
The ogre hits you with a +0 giant spiked club!!
You die...

### #.# ..# #.# ##. #.#
...#####.# .......#.#
############ .......#@#
............ .......#O#
............
.......#.#############...
#....O#...........###...
#.....'.............'...
.......#######.....###<..
.......#######.....# #...
...###.......'.....# #...
8# #.#######....## #.#.


You could see an ogre.

Vanquished Creatures
  Edmund (D:4)
  A scorpion (D:5)
  2 hounds
  A bullfrog zombie (D:5)
  A bullfrog skeleton (D:4)
  Jessica (D:3)
  2 orc wizards
  A hound zombie (D:5)
  4 adders
  An adder skeleton (D:5)
  2 dart slugs
  6 orcs
  2 bats (D:2)
  10 endoplasms
  4 goblins
  2 hobgoblins
  6 jackals (D:1)
  4 kobolds
  5 quokkas
  9 ball pythons
  2 frilled lizards (D:3)
  6 rats
73 creatures vanquished.

Notes
Turn   | Place    | Note
-------+----------+-------------------------------------------
     0 | D:1      | Holzbalken the Minotaur Fighter began the quest for the
                  | Orb.
     0 | D:1      | Reached XP level 1. HP: 19/19 MP: 0/0
   140 | D:1      | Reached skill level 1 in Maces & Flails
   276 | D:1      | Reached skill level 2 in Maces & Flails
   340 | D:1      | Reached XP level 2. HP: 24/26 MP: 1/1
   728 | D:1      | Reached skill level 3 in Maces & Flails
   732 | D:1      | Found a faded altar of an unknown god.
   882 | D:2      | Reached XP level 3. HP: 28/31 MP: 2/2
  1197 | D:2      | Reached skill level 4 in Maces & Flails
  1511 | D:2      | Reached skill level 5 in Maces & Flails
  1511 | D:2      | Reached XP level 4. HP: 29/39 MP: 3/3
  2114 | D:3      | Reached XP level 5. HP: 34/45 MP: 4/4
  2263 | D:3      | Noticed Jessica
  2268 | D:3      | Killed Jessica
  2269 | D:3      | Reached skill level 6 in Maces & Flails
  2664 | D:4      | Noticed Edmund
  2678 | D:4      | Killed Edmund
  2679 | D:4      | Reached skill level 7 in Maces & Flails
  2679 | D:4      | Reached XP level 6. HP: 14/51 MP: 5/5
  3278 | D:5      | Entered Level 5 of the Dungeon
  3286 | D:5      | Reached skill level 8 in Maces & Flails
  3584 | D:5      | Mangled by an ogre

Illustrated notes

Levels and vault maps discovered:
D:1:      minmay_arrival_shattered_statue, layout_rooms,
          shapermc_ecumenical_altar_notcrosses
D:2:      minmay_razor_zed, layout_loops_ring, chequers_mini_garden
D:3:      layout_basic, uniq_jessica
D:4:      layout_cave_pools, uniq_edmund
D:5:      layout_basic, serial_corexii_hall, corexii_hall_statues_l,
          chequers_hall_statues_corner_a, hex_intersection

Skill      XL: |  1  2  3  4  5  6 |
---------------+-------------------+-----
Maces & Flails | 2 3 5 7 8 |  8.7
Fighting       | |  3.6
Axes           | |  2.4
Armour         | |  3.6
Shields        | |  3.6

Action                   |  1- 3 |  4- 6 || total
-------------------------+-------+-------++-------
Melee: War axe           |    81 |   111 ||   192
       Headbutt          |    10 |    12 ||    22
  Use: Scroll            |       |     8 ||     8
Armor: Scale mail        |    38 |     1 ||    39
       Chain mail        |       |    61 ||    61
Dodge: Dodged            |    52 |    34 ||    86
Block: Buckler           |    24 |    24 ||    48
